AoeStats
← SirLeon10

Arabian Desert

509013235Analyzed
1v1 RM · 9d ago on Sep 25, 2026· 38m 13s· 2 players
Game mode
Random Map
Map size
Tiny (2 player)
Population
200
Speed
Normal
Resources
Standard
Victory
Conquest
Starting age
Dark Age
Ending age
Imperial Age
RankedLock teamsTeams togetherTeam positionsShared explorationLock speedFull tech treeHidden civsTurbo modeCheats
Victory
Defeat
🇺🇸 Spanish · United States
638
+15
🇲🇽 Persians · Mexico
625
-15
SirLeon10
0:26 Loom
10:03 Feudal Age
10:25 Double-Bit Axe
19:35 Castle Age
18:07 Stone Mining
18:08 Gold Mining
20:55 Wheelbarrow
21:07 Horse Collar
21:59 Husbandry
22:47 Forging
23:52 Scale Barding Armor
27:26 Bow Saw
28:30 Town Watch
33:09 Iron Casting
35:11 Gold Shaft Mining
36:47 Murder Holes
37:45 Chain Barding Armor
animalchoir
6:56 Loom
10:49 Feudal Age
12:11 Wheelbarrow
11:29 Double-Bit Axe
18:01 Castle Age
17:15 Stone Mining
25:34 Horse Collar
26:12 Gold Mining
27:54 Hand Cart
31:35 Scale Mail Armor
31:45 Forging
34:49 Ballistics
Connection lost

Rejoining the realm…

Still unreachable

The connection could not be restored.

Session expired

The server has moved on; the page needs a fresh start.